 Dungeon Crawl Stone Soup version 0.27-a0-604-g29a88b33a7 (webtiles) character file.

Game seed: 18317569351197985158

4412 sahdkjhfkaj the Cleaver (level 10, -5/64 HPs)
             Began as a Tengu Berserker on Mar 12, 2021.
             Was a High Priest of Trog.
             Slain by an orc warrior
             ... wielding a +1 trident of distortion
              (21 damage)
             ... on level 9 of the Dungeon.
             The game lasted 00:08:02 (10319 turns).

sahdkjhfkaj the Cleaver (Tengu Berserker)          Turns: 10319, Time: 00:08:03

Health: -5/64      AC:  8    Str: 21    XL:     10   Next: 36%
Magic:  11/11      EV: 11    Int:  8    God:    Trog [*****.]
Gold:   466        SH:  0    Dex: 13    Spells: 9/9 levels left

rFire    . . .     SeeInvis .   a - +0 hand axe (freeze)
rCold    . . .     Faith    .   (no shield)
rNeg     . . .     Spirit   .   g - +0 chain mail
rPois    .         Reflect  .   d - +0 hat
rElec    .         Harm     .   (no cloak)
rCorr    .         Rampage  .   (no gloves)
Will     .....                  (boots unavailable)
Stlth    ..........             (no amulet)
HPRegen  0.20/turn              (no ring)
MPRegen  0.12/turn              (no ring)

@: berserk cooldown, flying quickly and evasively, slowed, very slow
A: beak, talons 3, able to fly
a: Stop Flying, Renounce Religion, Berserk, Trog's Hand, Brothers in Arms


You were on level 9 of the Dungeon.
You worshipped Trog.
Trog was extremely pleased with you.
You visited 1 branch of the dungeon, and saw 9 of its levels.

You collected 466 gold pieces.

Inventory:

Hand Weapons
 a - a +0 hand axe of freezing (weapon)
Armour
 d - a +0 hat (worn)
 g - a +0 chain mail (worn)
Wands
 i - a wand of charming (9)
 s - a wand of digging (2)
Scrolls
 b - 4 scrolls of fog
 f - 4 scrolls of identify
 h - 3 scrolls of enchant armour
 j - a scroll of fear
 t - a scroll of magic mapping {unknown}
 u - a scroll of silence {unknown}
 v - a scroll of teleportation
Potions
 c - 2 potions of magic {unknown}
 e - 2 potions of heal wounds
 k - 2 potions of haste
 l - 3 potions of degeneration
 m - 2 potions of might
 n - 2 potions of brilliance {unknown}
 o - a potion of curing
 p - 2 potions of attraction {unknown}
 q - 2 potions of ambrosia {unknown}
 r - a potion of resistance {unknown}
 w - a potion of lignification {unknown}


   Skills:
 - Level 8.0 Fighting
 - Level 12.0 Axes
 - Level 2.1 Armour
 + Level 6.5 Dodging
 - Level 4.0 Evocations


You had 9 spell levels left.
You didn't know any spells.
Your spell library was empty.

Dungeon Overview and Level Annotations

Branches:
Dungeon (9/15)             Temple (0/1) D:7
   Lair: D:8-11         Orc: D:9-12

Altars:
Cheibriados
Dithmenos
Fedhas
Makhleb
Nemelex Xobeh
Okawaru
Ru
Trog
Yredelemnul

Shops:
D:5 !   D:7 :


Innate Abilities, Weirdness & Mutations

You have a beak for a mouth.
You have claws for feet.
You can fly continuously.


Message History

An orc comes into view.
You recover from your berserk rage.
There is an open door here.
The orc warrior closely misses you.
A red film seems to cover your vision as you go berserk!
You feel yourself moving faster!
You feel mighty! The orc barely misses you.
The orc warrior hits you with a +1 trident of distortion.
You blink.
You feel a strong urge to attack something.
You feel your anger nearly subside.
You hit the orc priest. You freeze the orc priest. You claw the orc priest.
The orc priest is heavily wounded.
You slash the orc! You freeze the orc.
You kill the orc!
Trog accepts your kill.
You hit the orc. You freeze the orc.
You are no longer berserk.
You are exhausted.
You feel yourself slow down.
The orc priest hits you but does no damage.
You hit the orc priest. You freeze the orc priest.
You claw the orc priest, but do no damage.
Your peck misses the orc priest.
The orc priest is almost dead.
You hit the orc but do no damage. The orc closely misses you.
The orc priest completely misses you.
The orc warrior hits you from afar with a +1 trident of distortion.
Space bends around you.
You hit the orc priest. You freeze the orc priest.
You kill the orc priest!
Trog accepts your kill.
You barely miss the orc. The orc closely misses you.
The orc warrior hits you from afar with a +1 trident of distortion!
Space bends around you.
* * * LOW HITPOINT WARNING * * *
Unknown command.
Your ogre goes berserk!
The orc hits you but does no damage.
The orc warrior hits you from afar with a +1 trident of distortion!!
You die...

##o# ##..# .. #..##
#. #.## #.
####'####### #.
#..........# #.
#..........# #.
#....)o....# ####.
#...@).....######)<..
#.O..o.....##.....##.
+..........##>#####..
#..........##.# #.#
#..........'..# #.
#..........#### #.
#..........# #.
############ #.


You could see an orc warrior, an orc (ally target) and a friendly ogre
(summoned, berserk).

Vanquished Creatures
  Maggie (D:8)
  The ghost of robertstho the Conjurer, an amateur DgCj (D:5)
  Grinder (D:4)
  Menkaure (D:7)
  An ice beast (D:8)
  An orc warrior (D:6)
  4 sky beasts
  An eye of draining (D:4)
  A necrophage (D:7)
  4 ogres
  A centaur (D:7)
  2 phantoms
  Blork the orc (D:5)
  3 bullfrogs
  A water moccasin zombie (D:8)
  2 wyvern skeletons
  2 scorpions
  8 killer bees
  A howler monkey (D:5)
  3 hounds
  2 bullfrog zombies
  10 orc priests
  2 bullfrog skeletons (D:5)
  3 jellies
  4 iguanas
  10 orc wizards
  5 worker ants
  A hound skeleton (D:9)
  A mummy (D:8)
  12 adders
  A gnoll (D:4)
  2 white imps
  2 ufetubi
  9 oozes (D:3)
  An adder skeleton (D:4)
  2 worms (D:3)
  2 dart slugs
  4 leopard geckos
  52 orcs
  A ball python (D:3)
  3 giant cockroaches (D:1)
  10 goblins
  8 hobgoblins
  11 jackals
  14 kobolds
  2 quokkas (D:2)
  3 bats
  3 frilled lizards
  2 hobgoblin zombies (D:8)
  2 kobold zombies (D:8)
  3 leopard gecko zombies
  4 rats
231 creatures vanquished.

Vanquished Creatures (others)
  3 fungi (D:3)
  11 toadstools (D:3)
14 creatures vanquished.

Grand Total: 245 creatures vanquished

Notes
Turn   | Place    | Note
-------+----------+-------------------------------------------
     0 | D:1      | sahdkjhfkaj the Tengu Berserker began the quest for the
                  | Orb.
     0 | D:1      | Reached XP level 1. HP: 14/14 MP: 2/2
   323 | D:1      | Reached XP level 2. HP: 19/19 MP: 3/3
   399 | D:1      | Reached skill level 4 in Axes
   741 | D:1      | Reached XP level 3. HP: 23/23 MP: 4/4
  1247 | D:2      | Reached ** piety under Trog
  1248 | D:2      | Reached skill level 5 in Axes
  1435 | D:2      | Reached XP level 4. HP: 25/28 MP: 5/5
  2324 | D:3      | Reached skill level 6 in Axes
  2324 | D:3      | Gained mutation: You can fly continuously. [Tengu growth]
  2324 | D:3      | Reached XP level 5. HP: 32/32 MP: 6/6
  2511 | D:3      | Found a sacrificial altar of Ru.
  2804 | D:3      | Found a sparkling altar of Nemelex Xobeh.
  2879 | D:3      | Reached *** piety under Trog
  2880 | D:3      | Reached skill level 7 in Axes
  2884 | D:3      | Reached XP level 6. HP: 37/37 MP: 7/7
  3257 | D:4      | Noticed Grinder
  3266 | D:4      | Killed Grinder
  3267 | D:4      | Reached skill level 8 in Axes
  3267 | D:4      | Reached XP level 7. HP: 35/41 MP: 8/8
  3359 | D:4      | Found a sacrificial altar of Ru.
  3572 | D:4      | Reached skill level 9 in Axes
  4030 | D:4      | Found a faded altar of an unknown god.
  4030 | D:4      | Found a burning altar of Makhleb.
  4037 | D:4      | Found a basalt altar of Yredelemnul.
  4039 | D:4      | Found a faded altar of an unknown god.
  4041 | D:4      | Found a blossoming altar of Fedhas.
  4100 | D:4      | Reached skill level 1 in Evocations
  4342 | D:4      | Found a bloodstained altar of Trog.
  4402 | D:4      | Found a snail-covered altar of Cheibriados.
  4541 | D:4      | Reached XP level 8. HP: 48/48 MP: 9/9
  4579 | D:5      | Entered Level 5 of the Dungeon
  4633 | D:5      | Found a runed translucent door.
  4633 | D:5      | Noticed robertstho's ghost (amateur DgCj)
  4790 | D:5      | Reached **** piety under Trog
  4883 | D:5      | Noticed Blork the orc
  4890 | D:5      | Killed Blork the orc
  4913 | D:5      | Found an iron altar of Okawaru.
  5131 | D:5      | Reached skill level 10 in Axes
  5145 | D:5      | Found Rim Xeepp's Distillery.
  5608 | D:5      | Killed robertstho's ghost
  5667 | D:6      | Reached skill level 11 in Axes
  6087 | D:6      | Reached XP level 9. HP: 32/52 MP: 10/10
  6344 | D:6      | Reached skill level 12 in Axes
  6967 | D:6      | Reached skill level 5 in Fighting
  7847 | D:7      | Found Xifio's Book Emporium.
  7993 | D:7      | Noticed Menkaure
  8000 | D:7      | Reached ***** piety under Trog
  8008 | D:7      | Killed Menkaure
  8416 | D:7      | Found a staircase to the Ecumenical Temple.
  8547 | D:8      | Found a blossoming altar of Fedhas.
  8824 | D:8      | Noticed Maggie
  8997 | D:8      | Reached XP level 10. HP: 64/64 MP: 11/11
  9620 | D:8      | Killed Maggie
  9621 | D:8      | Reached skill level 5 in Dodging
  9972 | D:9      | Found a shadowy altar of Dithmenos.
 10319 | D:9      | Slain by an orc warrior

Illustrated notes

Levels and vault maps discovered:
D:1:      dpeg_arrival_simpleton_a, layout_loops_ring
D:2:      layout_basic
D:3:      cheibrodos_fertilizer, layout_rooms, lemuel_coloured_pillars_altar,
          nicolae_ru_great_annihilating_truth
D:4:      layout_basic, marbit_many_paths, lemuel_doored_altar,
          trog_eyes_of_draining, chequers_temple_overflow_minitemple,
          uniq_grinder
D:5:      layout_basic, kennysheep_okawaru_gauntlet,
          hellmonk_ghost_happy_afterlife, serial_shops, nicolae_shop_stone,
          uniq_blork_the_orc
D:6:      layout_layer_cave, hangedman_abyss_or_decor_lesser_grid,
          kennysheep_path_1
D:7:      layout_loops_ring, minmay_temple_entry_glassed_door, serial_shops,
          shop_statue, uniq_menkaure
D:8:      layout_basic, basic_altar, minmay_mini_ossuary, uniq_maggie
D:9:      layout_roguey, nicolae_overflow_crystal_walls, uniq_erolcha

Skill      XL: |  1  2  3  4  5  6  7  8  9 10 |
---------------+-------------------------------+-----
Axes           | 4 5 6 7 8 9 11 12 | 12.0
Fighting       | 4 8 |  8.0
Evocations     | 2 4 |  4.0
Dodging        | 6 |  6.5
Armour         | |  2.1

Action                   |  1- 3 |  4- 6 |  7- 9 | 10-12 || total
-------------------------+-------+-------+-------+-------++-------
Melee: Hand axe          |    55 |    98 |   318 |    82 ||   553
       Kick              |    12 |    24 |   100 |    33 ||   169
       Peck              |     4 |    14 |    55 |    10 ||    83
Invok: Berserk           |     6 |     8 |    16 |     4 ||    34
       Trog's Hand       |       |     1 |     1 |     1 ||     3
       Brothers in Arms  |       |       |       |     1 ||     1
 Abil: Fly               |       |     1 |       |       ||     1
  Use: Scroll            |     5 |     3 |     2 |     1 ||    11
       Potion            |       |       |     1 |     1 ||     2
 Stab: Paralysed         |       |     1 |       |       ||     1
Armor: Animal skin       |     1 |       |       |       ||     1
       Chain mail        |    20 |    44 |   104 |    34 ||   202
       Ring mail         |     2 |       |       |       ||     2
Dodge: Dodged            |    24 |    57 |    82 |    53 ||   216

Table legend: (Time is in decaauts)
 A = Elapsed time spent in this place.
 B = Non-inter-level travel time spent in this place.
 C = Inter-level travel time spent in this place.
 D = Time resting spent in this place.
 E = Time spent auto-exploring this place.
 F = Levels seen in this place.
 G = Mean time per level.
                   A        B        C        D        E       F      G
               +--------+--------+--------+--------+--------+-----+--------+
         Total |  10106 |   9943 |    163 |    756 |   8089 |   9 | 1122.9 |
       Dungeon |  10106 |   9943 |    163 |    756 |   8089 |   9 | 1122.9 |
               +--------+--------+--------+--------+--------+-----+--------+

Top non-repeatable levels by time:
     D:8: 1544 daAuts
     D:6: 1533 daAuts
     D:2: 1372 daAuts
     D:4: 1295 daAuts
     D:7: 1226 daAuts
     D:1: 1020 daAuts
     D:5: 1016 daAuts
     D:3: 928 daAuts
     D:9: 168 daAuts
